 Dungeon Crawl Stone Soup version 0.23-a0-455-ge12115f (webtiles) character file.

2179 Mgcat the Thaumaturge (level 9, -11/45 HPs)
             Began as a Deep Elf Earth Elementalist on Nov 24, 2018.
             Was a Follower of Vehumet.
             Mangled by Harold
             ... wielding a +0 hand axe of freezing
              (14 damage)
             ... on level 6 of the Dungeon.
             The game lasted 00:24:40 (9752 turns).

Mgcat the Thaumaturge (Deep Elf Earth Elementalist) Turns: 9752, Time: 00:24:41

Health: -11/45     AC:  4    Str:  5    XL:     9   Next: 11%
Magic:  6/24       EV: 13    Int: 24    God:    Vehumet [*.....]
Gold:   400        SH:  4    Dex: 15    Spells: 13/26 levels left

rFire    . . .     SeeInvis .   e - +0 dagger
rCold    . . .     Gourm    .   (no shield)
rNeg     . . .     Faith    .   c - +0 robe
rPois    .         Spirit   .   (no helmet)
rElec    .         Reflect  +   p - +1 cloak
rCorr    .         Harm     .   (no gloves)
MR       .....                  (no boots)
Stlth    ++........             l - +4 amulet of reflection
HPRegen  0.15/turn              (no ring)
MPRegen  0.19/turn              (no ring)

@: marked
A: no striking features
a: Renounce Religion


You were on level 6 of the Dungeon.
You worshipped Vehumet.
Vehumet was aware of your devotion.
You were not hungry.

You visited 2 branches of the dungeon, and saw 8 of its levels.

You collected 400 gold pieces.

Inventory:

Hand Weapons
 e - a +0 dagger (weapon)
   (You took it off a goblin on level 1 of the Dungeon)
Missiles
 b - 203 stones (quivered)
Armour
 c - a +0 robe (worn)
 p - a +1 cloak (worn)
   (You found it on level 3 of the Dungeon)
 w - a +0 buckler
   (You found it on level 5 of the Dungeon)
Jewellery
 l - a +4 amulet of reflection (around neck)
   (You took it off a goblin on level 2 of the Dungeon)
Scrolls
 a - a scroll of remove curse
 r - 2 scrolls of amnesia {unknown}
 x - 2 scrolls of enchant weapon {unknown}
Potions
 g - a potion of haste {unknown}
 i - a potion of lignification {!q}
 n - 2 potions of berserk rage {!q}
 o - a potion of mutation {!q}
 q - 4 potions of curing
 s - a potion of resistance {unknown}
 t - a potion of might {unknown}
Comestibles
 d - 10 rations


   Skills:
 - Level 2.4 Dodging
 - Level 3.0 Stealth
 + Level 9.1 Spellcasting
 + Level 6.6 Conjurations
 + Level 4.5 Transmutations
 + Level 8.0 Earth Magic


You had 13 spell levels left.
You knew the following spells:

 Your Spells              Type           Power        Failure   Level  Hunger
a - Sandblast             Erth           #####.       1%          1    None
b - Stone Arrow           Conj/Erth      #####.       1%          3    None
c - Petrify               Tmut/Erth      #####...     4%          4    ##.....
d - Lee's Rapid Deconstr  Erth           #####.....   6%          5    ####...

Your spell library contained the following spells:

 Spells                   Type           Power        Failure   Level  Hunger
 Freeze                   Ice            ##..         6%          1    None
 Passwall                 Tmut/Erth      #####...     1%          2    None


Dungeon Overview and Level Annotations

Branches:
Dungeon (7/15)             Temple (1/1) D:4

Altars:
Dithmenos
Kikubaaqudgha
Makhleb
Nemelex Xobeh
Okawaru
Ru
Uskayaw
Vehumet
Xom

Shops:
D:5 !

Annotations:
D:6 Harold
D:7 8 exclusions


Message History

Press: ? - help, Shift-Dir - straight line, f/p - Harold
Aim: Harold, wielding a +0 hand axe of freezing and wearing a +0 scale mail Harold is moving more slowly.
You block Harold's attack.
Harold stops moving altogether!
The helpless Harold fails to defend himself.
You puncture Harold!
Harold is lightly wounded.
The helpless Harold fails to defend himself.
You hit Harold.
Harold is lightly wounded.
The helpless Harold fails to defend himself.
You hit Harold.
Harold is lightly wounded.
Casting: Petrify (safe; 4% risk of failure)
Confirm with . or Enter, or press ? or * to list all spells.
Aiming: Sandblast (safe; 1% risk of failure)
Press: ? - help, Shift-Dir - straight line, f/p - Harold
Aim: Harold, wielding a +0 hand axe of freezing and wearing a +0 scale mail The blast of sand hits Harold.
Harold is moderately wounded.
b - 204 stones Harold is no longer petrified.
Harold closely misses you.
Unknown command.
Casting: Sandblast (safe; 1% risk of failure)
Confirm with . or Enter, or press ? or * to list all spells.
Aiming: Petrify (safe; 4% risk of failure)
Press: ? - help, Shift-Dir - straight line, f/p - Harold
Aim: Harold, wielding a +0 hand axe of freezing and wearing a +0 scale mail
Okay, then.
Casting: Petrify (safe; 4% risk of failure)
Confirm with . or Enter, or press ? or * to list all spells.
Aiming: Sandblast (safe; 1% risk of failure)
Press: ? - help, Shift-Dir - straight line, f/p - Harold
Aim: Harold, wielding a +0 hand axe of freezing and wearing a +0 scale mail The blast of sand hits Harold.
Harold is heavily wounded.
b - 203 stones Harold hits you with a +0 hand axe of freezing!
* * * LOW HITPOINT WARNING * * *
Harold freezes you.
* * * LOW HITPOINT WARNING * * *
Okay, then.
Unknown command.
You feel much better.
The sentinel's mark upon you fades away.
Harold gestures at you while chanting. A sentinel's mark forms upon you.
You feel much better.
Harold hits you with a +0 hand axe of freezing!
Harold freezes you.
You feel much better.
Harold hits you with a +0 hand axe of freezing!
Harold freezes you!
Unknown command.
Unknown command.
Okay, then.
Casting: Sandblast (safe; 1% risk of failure)
Confirm with . or Enter, or press ? or * to list all spells.
Aiming: Petrify (safe; 4% risk of failure)
Press: ? - help, Shift-Dir - straight line, f/p - Harold
Aim: Harold, wielding a +0 hand axe of freezing and wearing a +0 scale mail
Okay, then.
Casting: Petrify (safe; 4% risk of failure)
Confirm with . or Enter, or press ? or * to list all spells.
Aiming: Stone Arrow (safe; 1% risk of failure)
Press: ? - help, Shift-Dir - straight line, f/p - Harold
Aim: Harold, wielding a +0 hand axe of freezing and wearing a +0 scale mail The stone arrow hits Harold.
Harold is heavily wounded.
Harold hits you with a +0 hand axe of freezing!
* * * LOW HITPOINT WARNING * * *
Harold freezes you.
* * * LOW HITPOINT WARNING * * *
Unknown command.
Unknown command.
Casting: Stone Arrow (safe; 1% risk of failure)
Confirm with . or Enter, or press ? or * to list all spells.
Aiming: Stone Arrow (safe; 1% risk of failure)
Press: ? - help, Shift-Dir - straight line, f/p - Harold
Aim: Harold, wielding a +0 hand axe of freezing and wearing a +0 scale mail The stone arrow hits Harold.
Harold is severely wounded.
Casting: Stone Arrow (safe; 1% risk of failure)
Confirm with . or Enter, or press ? or * to list all spells.
Aiming: Stone Arrow (safe; 1% risk of failure)
Press: ? - help, Shift-Dir - straight line, f/p - Harold
Aim: Harold, wielding a +0 hand axe of freezing and wearing a +0 scale mail The stone arrow hits Harold.
Harold is almost dead.
Harold closely misses you.
Casting: Stone Arrow (safe; 1% risk of failure)
Confirm with . or Enter, or press ? or * to list all spells.
Aiming: Stone Arrow (safe; 1% risk of failure)
Press: ? - help, Shift-Dir - straight line, f/p - Harold
Aim: Harold, wielding a +0 hand axe of freezing and wearing a +0 scale mail The stone arrow hits Harold.
Harold is almost dead.
Harold says, "Do you have any idea what people are willing to pay to have you Harold hits you with a +0 hand axe of freezing!
You die...

#.# #........# #.#### #.####
#######.## ##'## #....# #.#
##...## ####.# #########.#
##.....## ##.##.# #.........#
##.......#
###...#.####.####..).###.........
.......................+.........
###...#.####.###.....###.........
##.##.# #.# #@#..## ##.......#
####.## #.###@##.# ##.....##
##.#.###........# ##...##
#.###.######.#### ##'## ##.#.##
#.# #.# ##.## #.# #.# #.# #.#
##.## # #.# #.# ##...## # #.# #.#
#.....#


You could see Harold.

Vanquished Creatures
  Prince Ribbit (D:6)
  Eustachio (D:5)
  Menkaure (D:5)
  An orc warrior (D:6)
  An ice beast (D:5)
  A centaur (D:5)
  2 ogres
  2 bullfrogs (D:6)
  3 scorpions
  A howler monkey (D:4)
  2 crimson imps
  A centaur zombie (D:6)
  A bullfrog zombie (D:6)
  3 orc priests
  4 orc wizards
  A hound (D:7)
  Crazy Yiuf (D:5)
  A centaur skeleton (D:4)
  A bullfrog skeleton (D:5)
  An iguana (D:6)
  6 worker ants
  A worker ant zombie (D:5)
  9 adders
  12 gnolls
  3 shadow imps
  An ooze (D:1)
  5 worms
  2 dart slugs
  6 leopard geckos
  15 orcs
  3 giant cockroaches
  10 goblins
  7 hobgoblins
  7 jackals
  7 kobolds
  2 quokkas
  2 ball pythons
  6 bats
  3 frilled lizards
  8 rats
145 creatures vanquished.

Vanquished Creatures (others)
  5 toadstools (D:3)
5 creatures vanquished.

Grand Total: 150 creatures vanquished

Notes
Turn   | Place    | Note
-------+----------+-------------------------------------------
     0 | D:1      | Mgcat the Deep Elf Earth Elementalist began the quest for
                  | the Orb.
     0 | D:1      | Reached XP level 1. HP: 10/10 MP: 6/6
   123 | D:1      | Reached XP level 2. HP: 15/15 MP: 6/8
   701 | D:1      | HP: 3/15 [kobold (2)]
  1043 | D:2      | Reached XP level 3. HP: 12/19 MP: 5/10
  1270 | D:2      | Learned a level 3 spell: Stone Arrow
  1317 | D:2      | HP: 4/19 [hobgoblin/+0 club (4)]
  1726 | D:2      | Reached skill level 4 in Earth Magic
  1814 | D:2      | Found a faded altar of an unknown god.
  1823 | D:2      | Reached skill level 3 in Stealth
  1987 | D:2      | Reached skill level 4 in Spellcasting
  2279 | D:2      | Reached skill level 1 in Conjurations
  2990 | D:3      | Reached XP level 4. HP: 24/24 MP: 7/12
  2996 | D:3      | Learned a level 4 spell: Petrify
  3702 | D:3      | Reached skill level 2 in Conjurations
  3793 | D:3      | Reached XP level 5. HP: 28/28 MP: 7/14
  3800 | D:3      | Learned a level 5 spell: Lee's Rapid Deconstruction
  4051 | D:2      | Reached skill level 5 in Spellcasting
  4378 | D:2      | Reached skill level 5 in Earth Magic
  5227 | D:4      | Reached XP level 6. HP: 32/32 MP: 8/16
  5229 | D:4      | Reached skill level 3 in Conjurations
  5383 | D:4      | Found a staircase to the Ecumenical Temple.
  5401 | Temple   | Entered the Ecumenical Temple
  5408 | Temple   | Became a worshipper of Vehumet
  5657 | D:4      | Found an ancient bone altar of Kikubaaqudgha.
  5678 | D:4      | Found a shimmering altar of Xom.
  5678 | D:4      | Found a sacrificial altar of Ru.
  5811 | D:4      | Reached skill level 6 in Spellcasting
  6068 | D:4      | Reached XP level 7. HP: 36/36 MP: 11/18
  6113 | D:4      | Reached skill level 4 in Conjurations
  6346 | D:5      | Entered Level 5 of the Dungeon
  6374 | D:5      | Reached skill level 6 in Earth Magic
  6765 | D:5      | Noticed Eustachio
  6943 | D:5      | Killed Eustachio
  6943 | D:5      | Reached skill level 7 in Spellcasting
  7252 | D:5      | Noticed Menkaure
  7268 | D:5      | Killed Menkaure
  7268 | D:5      | Reached skill level 5 in Conjurations
  7369 | D:5      | Found Meqyiq's Distillery.
  7382 | D:5      | Reached XP level 8. HP: 34/41 MP: 8/21
  7471 | D:5      | Reached skill level 2 in Transmutations
  8049 | D:5      | Found a runed door.
  8054 | D:5      | Noticed Crazy Yiuf
  8055 | D:5      | Killed Crazy Yiuf
  8182 | D:5      | Reached skill level 7 in Earth Magic
  8193 | D:5      | Reached skill level 8 in Spellcasting
  8336 | D:6      | Reached skill level 3 in Transmutations
  8530 | D:6      | Reached skill level 6 in Conjurations
  8595 | D:6      | Noticed Prince Ribbit
  8616 | D:6      | Killed Prince Ribbit
  8616 | D:6      | Reached skill level 4 in Transmutations
  8733 | D:6      | Found an iron altar of Okawaru.
  9300 | D:6      | Reached * piety under Vehumet
  9300 | D:6      | Offered knowledge of Freeze by Vehumet.
  9300 | D:6      | Reached XP level 9. HP: 45/45 MP: 15/23
  9316 | D:6      | Reached skill level 9 in Spellcasting
  9318 | D:6      | Reached skill level 8 in Earth Magic
  9673 | D:7      | Noticed Harold
  9745 | D:6      | HP: 4/45 [Harold/+0 hand axe of freezing (14)]
  9752 | D:6      | Mangled by Harold

Vault maps used:
D:1:      dpeg_arrival_simpleton_c, minmay_misc_feat_encased
D:2:      chequers_ecumenical_altar_twisty
D:3:      minmay_gold_behind_fungi
D:4:      gammafunk_temple_overflow_forgotten, minmay_temple_entry_slanted,
          first_ration
D:5:      serial_shops, shop, roderic_roman_lattice, uniq_crazy_yiuf_cottage,
          uniq_menkaure, uniq_eustachio
D:6:      overflow_temple_1_default, uniq_prince_ribbit1
D:7:      nicolae_overflow_hidden_temple, minmay_the_grid_2x2, uniq_harold,
          uniq_pikel
Temple:   eino_temple_rhombus

Skill      XL: |  1  2  3  4  5  6  7  8  9 |
---------------+----------------------------+-----
Earth Magic    | 4 5 6 7 8 |  8.0
Stealth        | 3 |  3.0
Spellcasting   | 4 5 6 7 8 9 |  9.1
Conjurations   | 1 2 3 5 6 |  6.6
Transmutations | 4 |  4.5
Dodging        | |  2.4

Action                   |  1- 3 |  4- 6 |  7- 9 || total
-------------------------+-------+-------+-------++-------
Melee: Dagger            |   107 |    25 |    44 ||   176
Throw: Stone             |     1 |       |       ||     1
 Cast: Sandblast         |    17 |    19 |    41 ||    77
       Stone Arrow       |    15 |    69 |    67 ||   151
       Petrify           |       |     1 |    18 ||    19
  Use: Scroll            |       |       |    13 ||    13
       Potion            |       |       |     3 ||     3
 Stab: Sleeping          |     3 |     1 |       ||     4
       Petrified         |       |       |    36 ||    36
  Eat: Chunk             |     7 |    13 |     9 ||    29
       Ration            |       |       |     1 ||     1
Armor: Robe              |    15 |     6 |     9 ||    30
Dodge: Dodged            |    89 |    25 |    20 ||   134
Block: Other             |       |       |     3 ||     3

Table legend:
 A = Non-vault XP
 B = Vault XP
 C = Vault XP percentage of total XP
 D = Non-vault monster count
 E = Vault monster count
 F = Vault count percentage of total count
                 A         B        C        D         E       F
            +---------+---------+-------+---------+---------+-------
      Total |    2442 |     672 |  21.6 |     141 |       4 |   2.8
            +---------+---------+-------+---------+---------+-------
        D:1 |      28 |       0 |   0.0 |      15 |       0 |   0.0
        D:2 |     207 |       0 |   0.0 |      34 |       0 |   0.0
        D:3 |     140 |       0 |   0.0 |      28 |       0 |   0.0
        D:4 |     417 |       0 |   0.0 |      21 |       0 |   0.0
        D:5 |     687 |     404 |  37.0 |      21 |       3 |  12.5
        D:6 |     910 |     268 |  22.8 |      20 |       1 |   4.8
        D:7 |      53 |       0 |   0.0 |       2 |       0 |   0.0
            +---------+---------+-------+---------+---------+-------

Vault maps used:
D:1:      dpeg_arrival_simpleton_c, minmay_misc_feat_encased
D:2:      chequers_ecumenical_altar_twisty
D:3:      minmay_gold_behind_fungi
D:4:      gammafunk_temple_overflow_forgotten, minmay_temple_entry_slanted,
          first_ration
D:5:      serial_shops, shop, roderic_roman_lattice, uniq_crazy_yiuf_cottage,
          uniq_menkaure, uniq_eustachio
D:6:      overflow_temple_1_default, uniq_prince_ribbit1
D:7:      nicolae_overflow_hidden_temple, minmay_the_grid_2x2, uniq_harold,
          uniq_pikel
Temple:   eino_temple_rhombus

Table legend:
 A = Turns spent in this place as a percentage of turns spent in the entire game.
 B = Non-inter-level travel turns spent in this place as a percentage of non-inter-level travel turns spent in the entire game.
 C = Inter-level travel turns spent in this place as a percentage of turns spent in this place.
 D = Turns resting spent in this place as a percentage of non-inter-level travel turns spent in this place.
 E = Turns spent auto-exploring this place as a percentage of non-inter-level travel turns spent in this place.
 F = Non-inter-level travel turns spent in this place divided by the number of levels of this place that you've seen.
                   A       B       C       D       E      F
               +-------+-------+-------+-------+-------+----------------------
         Total | 100.0 | 100.0 |   5.3 |   9.7 |  75.1 | 1155.0
       Dungeon |  99.9 |  99.9 |   5.2 |   9.7 |  75.1 | 1318.9
        Temple |   0.1 |   0.1 |  42.9 |   0.0 |   0.0 |   8.0
               +-------+-------+-------+-------+-------+----------------------

Table legend:
 A = Kills in this place as a percentage of kills in entire the game.
 B = Kills by you in this place as a percentage of kills by you in the entire game.
 C = Kills by friends in this place as a percentage of kills by friends in the entire game.
 D = Other kills in this place as a percentage of other kills in the entire game.
 E = Experience gained in this place as a percentage of experience gained in the entire game.
 F = Experience gained in this place divided by the number of levels of this place that you have seen.
                   A       B       C       D       E      F
               +-------+-------+-------+-------+-------+----------------------
         Total | 100.0 | 100.0 |   N/A |   N/A | 100.0 | 389.2
       Dungeon | 100.0 | 100.0 |   N/A |   N/A | 100.0 | 444.9
               +-------+-------+-------+-------+-------+----------------------
